 Dungeon Crawl Stone Soup version 0.32-a0-711-g016ad743e0 (webtiles) character file.

Game seed: 15819733220643165493

71 Essalna the Digger (level 4, -2/24 HPs)
             Began as a Gargoyle Earth Elementalist on Mar 15, 2024.
             Slain by an ogre
             ... wielding a +0 giant spiked club
              (26 damage)
             ... on level 3 of the Dungeon.
             The game lasted 00:02:22 (1767 turns).

Essalna the Digger (Gargoyle Earth Elementalist)    Turns: 1767, Time: 00:02:23

Health: -2/24      AC:  5    Str: 11    XL:     4   Next: 24%
Magic:  5/7        EV: 16    Int: 18    God:
Gold:   98         SH:  0    Dex: 10    Spells: 7/8 levels left

rFire   . . .        d - staff of conjuration
rCold   . . .        (no shield)
rNeg    + . .        a - +0 robe
rPois   ∞            (no helmet)
rElec   +            (no cloak)
rCorr   .            (no gloves)
SInv    .            (no boots)
Will    .....        (no amulet)
Stlth   ++           h - +5 ring of evasion
HPRegen 0.24/turn    (no ring)
MPRegen 0.10/turn

%: no passive effects
@: no status effects
A: sickness immunity, AC +3, negative energy resistance 1, electricity
resistance, torment resistance 1, petrification resistance
a: no special abilities


You were on level 3 of the Dungeon.
You visited 1 branch of the dungeon, and saw 3 of its levels.

You collected 98 gold pieces.

Inventory:

Hand Weapons
 k - a +2 whip of venom
Armour
 a - a +0 robe (worn)
Magical Staves
 d - a staff of conjuration (weapon)
Jewellery
 h - a +5 ring of evasion (left hand)
Scrolls
 c - a scroll of blinking {unknown}
 f - 4 scrolls of identify {unknown}
 g - 2 scrolls of teleportation {unknown}
 j - a scroll of immolation {unknown}
Potions
 b - a potion of magic
 e - a potion of cancellation {unknown}
 i - a potion of heal wounds {unknown}


   Skills:
 + Level 2.1 Dodging
 + Level 3.0 Stealth
 + Level 2.5 Spellcasting
 + Level 2.0 Conjurations
 + Level 4.2 Earth Magic


You had 7 spell levels left.
You knew the following spells:

 Your Spells              Type           Power      Damage    Failure   Level
a - Sandblast             Erth           34%        2d9       3%          1

Your spell library contained the following spells:

 Spells                   Type           Power      Damage    Failure   Level
 Passwall                 Erth           17%        N/A       9%          3
 Stone Arrow              Conj/Erth      40%        3d9       14%         3
 Lesser Beckoning         Tloc           4%         N/A       26%         2
 Brom's Barrelling Bould  Conj/Erth      20%        2d4       43%         4
 Gell's Gravitas          Tloc           2%         N/A       45%         3
 Teleport Other           Tloc           2%         N/A       45%         3
 Petrify                  Alch/Erth      9%         N/A       58%         4


Dungeon Overview and Level Annotations

Branches:
Dungeon (3/15)

Altars:
Hepliaklqana


Innate Abilities, Weirdness & Mutations

You are immune to sickness and miasma.
Your stone body is resilient. (AC +3)
You are immune to poison.
You resist negative energy. (rN+)
You are resistant to electric shocks. (rElec)
You are resistant to unholy torment.
You are immune to petrification.


Message History

Found a flux talisman.
You see here a flux talisman.
Found an escape hatch in the ceiling.
There is an escape hatch in the ceiling here.
Found a stone staircase leading up.
Found a leather armour.
Key pressed, stopping explore.
You now have 98 gold pieces (gained 3).
Key pressed, stopping explore.
Found a hazy altar of Hepliaklqana.
You see here a +0 robe.
Found a stone staircase leading down.
There is a stone staircase leading down here.
Key pressed, stopping explore.
You see here a +1 ring mail of cold resistance.
i - a fizzy pink potion
Found a stone staircase leading up.
j - a scroll labelled EGUDOIQ TOEQ Key pressed, stopping explore.
No target in view!
You can't see any susceptible monsters within range! (Use Z to cast anyway.)
You see here a +2 whip of venom.
k - a +2 whip of venom
f - 4 scrolls labelled UTSUOS NEWU (gained 1) Key pressed, stopping explore.
A ball python comes into view.
A ball python is nearby!
The blast of sand hits the ball python!
You kill the ball python!
No target in view!
You can't see any susceptible monsters within range! (Use Z to cast anyway.)
An ogre comes into view. It is wielding a +0 giant spiked club.
The blast of sand hits the ogre.
The ogre is lightly wounded.
The ogre shouts!
The blast of sand hits the ogre.
The ogre is lightly wounded.
The ogre hits you with a +0 giant spiked club!!
Ouch! That really hurt!
You die...

#.# #....##.#.#
#.# #..####.#.#
#.# #..# #.#.#
#..# #.#.# ###
#..####.#.# ...
#.......#.######
##†#
#..######.......
.###...##..#
#.######
.......@...# #.#
..##...O##.#
#.## ##.#.##.#
#..#
#......######..#
#..............#
##..##########.#
## ...# #.# .
#..# #.# #.#


You could see an ogre.

Vanquished Creatures
  A gnoll (D:1)
  An adder (D:2)
  2 dart slugs (D:2)
  3 ball pythons
  4 bats
  4 endoplasms
  A giant cockroach (D:1)
  4 goblins
  4 hobgoblins
  6 jackals
  2 kobolds
  5 quokkas
  2 frilled lizards (D:1)
  4 rats
43 creatures vanquished.

Notes
Turn   | Place    | Note
-------+----------+-------------------------------------------
     0 | D:1      | Essalna the Gargoyle Earth Elementalist began the quest for
                  | the Orb.
     0 | D:1      | Reached XP level 1. HP: 10/10 MP: 3/3
    63 | D:1      | Reached XP level 2. HP: 15/15 MP: 1/5
   617 | D:1      | Reached XP level 3. HP: 19/19 MP: 3/6
   655 | D:1      | Found a faded altar of an unknown god.
   747 | D:1      | Reached skill level 4 in Earth Magic
  1178 | D:2      | Reached XP level 4. HP: 24/24 MP: 5/7
  1223 | D:2      | You fall into a shaft and drop 1 floor!
  1575 | D:3      | Found a hazy altar of Hepliaklqana.
  1765 | D:3      | Noticed an ogre
  1767 | D:3      | Slain by an ogre

Illustrated notes

Levels and vault maps discovered:
D:1:      dpeg_arrival_tiny_i, layout_basic,
          hellmonk_ecumenical_altar_inner_sanctum
D:2:      layout_loops_ring
D:3:      layout_loops_ring, nzn_hepliaklqana_mist_gate,
          minmay_misc_feat_nine_boxes

Skill      XL: |  1  2  3  4 |
---------------+-------------+-----
Earth Magic    | 4 |  4.2
Dodging        | 2 |  2.1
Conjurations   | 2 |  2.0
Stealth        | 3 |  3.0
Spellcasting   | |  2.5

Action                     |  1- 3 |  4- 6 || total
---------------------------+-------+-------++-------
  Melee: Unarmed           |    14 |       ||    14
         Staff             |     4 |       ||     4
   Cast: Sandblast         |    52 |    14 ||    66
 Armour: Robe              |    29 |     6 ||    35
  Dodge: Dodged            |    27 |     6 ||    33

Table legend: (Time is in decaauts)
 A = Elapsed time spent in this place.
 B = Non-inter-level travel time spent in this place.
 C = Inter-level travel time spent in this place.
 D = Time resting spent in this place.
 E = Time spent auto-exploring this place.
 F = Levels seen in this place.
 G = Mean time per level.
                   A        B        C        D        E       F      G
               +--------+--------+--------+--------+--------+-----+--------+
         Total |   1798 |   1780 |     18 |      0 |   1539 |   3 |  599.3 |
       Dungeon |   1798 |   1780 |     18 |      0 |   1539 |   3 |  599.3 |
               +--------+--------+--------+--------+--------+-----+--------+

Top non-repeatable levels by time:
     D:1: 855 daAuts
     D:3: 549 daAuts
     D:2: 394 daAuts
